Map: Lightshade LE

Players

Astrea

  • Race: Protoss Protoss

Scarlett - Winner!

  • Race: Zerg Zerg

Event: DreamHack SC2 Masters 2021 Winter

VOD

Have the link to the VOD?

Description

Time

  • Played on: Oct. 10, 2021, 4:39 p.m.
  • Length: 8:22

All games in this series

Show
View Real Time Build Order
Export as new Build Order

Astrea Protoss 

Build Orders: 1 Gate Expand, Oracle Opening 

Get SALT Encoding   

  12  0:00  Probe  
  13  0:12  Probe  
  14  0:17  Pylon  
  14  0:24  Probe (Chrono Boost)  
  15  0:36  Probe (Chrono Boost)  
  15  0:40  Gateway  
  16  0:43  Probe (Chrono Boost)  
  16  0:46  Assimilator  
  17  0:51  Probe  
  18  1:03  Probe  
  19  1:15  Probe  
  20  1:22  Nexus  
  20  1:27  Probe  
  21  1:36  Cybernetics Core  
  21  1:41  Assimilator  
  21  1:43  Probe  
  22  1:50  Pylon  
  22  1:55  Probe  
  23  2:08  Probe (Chrono Boost)  
  24  2:10  Adept (Chrono Boost)  
  24  2:12  Warp Gate  
  26  2:18  Probe (Chrono Boost)  
  27  2:23  Probe (Chrono Boost)  
  27  2:28  Stargate  
  28  2:30  Adept (Chrono Boost)  
  28  2:34  Probe x2  
  32  2:46  Probe  
  32  2:47  Probe  
  34  2:56  Stalker  
  36  2:59  Probe x2  
  38  3:06  Gateway  
  38  3:11  Probe x2  
  40  3:13  Oracle (Chrono Boost)  
  40  3:19  Pylon  
  43  3:23  Probe x2  
  45  3:35  Probe  
  45  3:37  Assimilator, Probe  
  45  3:39  Assimilator  
  45  3:40  Oracle (Chrono Boost), Pylon  
  47  3:47  Probe  
  51  3:49  Probe  
  51  3:53  Pylon  
  52  3:58  Robotics Facility  
  52  3:59  Probe  
  52  4:01  Adept, Probe  
  56  4:04  Adept  
  58  4:11  Probe  
  58  4:13  Probe  
  60  4:22  Pylon  
  60  4:23  Probe  
  61  4:28  Adept x2  
  65  4:36  Nexus  
  65  4:37  Pylon  
  65  4:43  Immortal (Chrono Boost)  
  65  4:49  Sentry x2  
  73  4:55  Probe  
  74  5:01  Probe  
  74  5:05  Gateway  
  75  5:07  Gateway, Probe  
  75  5:13  Probe, Sentry x2  
  81  5:19  Warp Prism (Chrono Boost)  
  81  5:22  Probe  
  81  5:26  Probe  
  85  5:30  Pylon  
  85  5:32  Shield Battery  
  85  5:34  Probe  
  85  5:35  Pylon  
  86  5:47  Probe, Sentry x2  
  91  5:52  Probe x2  
  91  5:54  Observer (Chrono Boost)  
  94  5:57  Forge  
  94  6:00  Twilight Council, Assimilator  
  94  6:01  Assimilator  
  94  6:05  Adept x2  
  94  6:07  Shield Battery x2  
  98  6:11  Shield Battery x2  
  98  6:12  Shield Battery  
  98  6:13  Adept  
  98  6:15  Adept  
  102  6:30  Adept x2  
  104  6:33  Immortal (Chrono Boost)  
  94  6:41  Adept x2  
  96  6:52  Stalker x2  
  100  6:55  Probe x2  
  100  6:56  Dark Shrine  
  100  7:00  Shield Battery  
  102  7:03  Immortal (Chrono Boost)  
  102  7:04  Stalker x2  
  103  7:10  Probe  
  97  7:15  Probe  
  97  7:18  Stalker x2  
  80  7:28  Gateway x2  
  79  7:32  Stalker x2  
  79  7:36  Pylon  
  82  7:43  Stalker x2  
  83  7:59  Probe  
  83  8:00  Probe  
  79  8:08  Dark Templar x2  
Show
View Real Time Build Order
Export as new Build Order

Scarlett Zerg - Winner!

Build Orders: Hatch First 

Get SALT Encoding   

  12  0:00  Drone  
  13  0:12  Overlord  
  13  0:16  Drone  
  14  0:30  Drone x2  
  16  0:47  Hatchery  
  15  0:51  Drone  
  15  0:54  Drone  
  17  0:57  Drone  
  18  1:08  Extractor  
  17  1:16  Drone  
  17  1:17  Spawning Pool  
  17  1:19  Drone  
  18  1:28  Drone  
  19  1:39  Drone  
  20  1:51  Overlord  
  20  2:00  Drone  
  21  2:03  Queen  
  21  2:04  Zergling x2, Queen  
  26  2:10  Drone x2  
  26  2:12  Metabolic Boost  
  28  2:21  Drone x2  
  30  2:33  Hatchery  
  29  2:38  Drone x2  
  29  2:43  Queen  
  33  2:47  Overlord  
  33  2:54  Zergling x6  
  36  3:09  Drone x2  
  36  3:12  Drone x3  
  41  3:15  Overlord  
  41  3:16  Queen  
  43  3:27  Overlord  
  43  3:33  Drone  
  44  3:36  Overlord  
  44  3:37  Queen  
  44  3:39  Drone  
  44  3:40  Drone  
  48  3:45  Drone, Queen  
  48  3:47  Drone x3  
  54  3:54  Spore Crawler  
  54  3:55  Drone x3  
  56  4:01  Drone x3  
  58  4:07  Queen  
  60  4:16  Drone x5  
  65  4:18  Spore Crawler  
  65  4:19  Spore Crawler  
  65  4:22  Drone x2  
  65  4:29  Overlord x2  
  65  4:32  Extractor  
  65  4:35  Roach Warren  
  65  4:37  Extractor x2  
  61  4:39  Drone x3  
  61  4:41  Overlord  
  64  4:47  Lair  
  64  4:50  Zergling x6  
  67  4:58  Zergling x8  
  69  5:01  Drone x5  
  73  5:11  Drone x6  
  79  5:19  Roach x3  
  82  5:27  Roach x3  
  82  5:28  Overlord  
  88  5:30  Roach  
  90  5:39  Overlord x2  
  90  5:47  Overlord  
  90  5:49  Overseer  
  90  5:50  Roach x4  
  90  5:54  Overlord  
  98  6:00  Ravager x2  
  98  6:01  Ravager x2  
  98  6:02  Zergling x14  
  109  6:07  Zergling x2  
  109  6:08  Zergling x4  
  109  6:10  Ravager  
  113  6:11  Zergling x2  
  113  6:12  Zergling x4  
  113  6:15  Ravager  
  113  6:17  Zergling x8  
  120  6:20  Zergling x2  
  117  6:28  Zergling x10  
  119  6:33  Roach  
  119  6:35  Zergling x2  
  112  6:41  Zergling x8  
  112  6:43  Zergling x2  
  112  6:44  Zergling x4, Queen x2  
  112  6:46  Zergling x2  
  120  6:47  Ravager  
  120  6:48  Ravager x2  
  120  6:53  Ravager x2  
  124  6:54  Zergling x4  
  123  7:03  Zergling x6  
  123  7:07  Zergling x2  
  120  7:08  Queen  
  120  7:11  Zergling x4  
  120  7:15  Zergling x2  
  120  7:16  Zergling x2  
  120  7:20  Evolution Chamber, Queen x2  
  120  7:21  Overseer  
  126  7:22  Ravager  
  126  7:24  Drone x3  
  128  7:34  Hatchery  
  121  7:45  Drone x9  
  127  7:52  Drone  
  127  7:53  Overseer  
  127  7:54  Drone  
  126  7:59  Drone x4  
  126  8:04  Extractor x2  

Tags
 
Add a new tag
Caveats
  • Supply blocks, unpowered buildings, or Contaminate may cause inaccurate times.
  • Supply counts are checked every 10 seconds.